General information
- name: BNet
- type: Ladder team game (AT/RT)
- host: Battle.net
- saver: walmart-pimp
map: Cherryville
- players: 8
- length: 16:57
- speed: Fast
- version: 1.26 W3XP
- replay type: Public
» download(75 KB)
Players
team 1 (loser)

»
Openn (
purple | 13 APM | 1 actions | 00:04)
lIIIllIIlI (
blue | 67 APM | 1129 actions | 16:56)
3 Tauren Chieftain
2 Endurance Aura
1 Shockwave
5 Mountain King
3 Storm Bolt
2 Bash
3 Keeper of the Grove
2 Entangling Roots
1 Thorns Aura
» actions
| Assign group hotkey | 15 | |
| Basic commands | 5 | |
| Build / train | 107 | |
| Enter build submenu | 34 | |
| Enter hero's abilities submenu | 13 | |
| Remove unit from queue | 2 | |
| Right click | 403 | |
| Select / deselect | 153 | |
| Select group hotkey | 336 | |
| Use ability | 61 | |
1129 total
» units
| Peon | 7 | |
| Peasant | 17 | |
| Wisp | 8 | |
| Grunt | 7 | |
| Archer | 15 | |
| Footman | 21 | |
| Wind Rider | 8 | |
83 total
» buildings
| Altar of Storms | 1 | |
| Orc Burrow | 8 | |
| Barracks | 8 | |
| Altar of Kings | 2 | |
| Altar of Elders | 1 | |
| Moon Well | 4 | |
| Ancient of War | 2 | |
| Farm | 15 | |
| Blacksmith | 1 | |
| Keep | 4 | |
| Stronghold | 2 | |
| Beastiary | 2 | |
| Voodoo Lounge | 1 | |
51 total
» build order
00:10 Altar of Storms
00:17 Orc Burrow
00:38 Barracks
01:00 Altar of Kings
01:02 Barracks
01:07 Altar of Kings
01:08 Barracks
01:15 Altar of Elders
01:17 Moon Well
01:21 Ancient of War
01:28 Orc Burrow
01:35 Farm
01:37 Farm
01:37 Farm
01:43 Farm
01:45 Farm
02:22 Moon Well
02:36 Barracks
02:44 Orc Burrow
02:48 Barracks
03:38 Ancient of War
03:41 Moon Well
03:41 Moon Well
04:00 Farm
04:01 Farm
04:01 Farm
04:17 Orc Burrow
04:34 Farm
04:34 Farm
04:34 Farm
04:57 Barracks
04:58 Blacksmith
05:32 Keep
05:32 Keep
05:34 Stronghold
06:57 Keep
08:44 Beastiary
08:45 Beastiary
08:49 Barracks
08:50 Barracks
10:16 Orc Burrow
10:17 Orc Burrow
10:17 Orc Burrow
10:18 Orc Burrow
10:20 Voodoo Lounge
12:44 Farm
12:44 Farm
12:45 Farm
12:45 Farm
team 2 (winner)
Supahotfiyah (
yellow | 41 APM | 688 actions | 16:56)
2 Archmage
1 Summon Water Elemental
1 Brilliance Aura
» actions
| Assign group hotkey | 27 | |
| Basic commands | 13 | |
| Build / train | 29 | |
| Enter build submenu | 14 | |
| Enter hero's abilities submenu | 2 | |
| Remove unit from queue | 1 | |
| Right click | 382 | |
| Select / deselect | 168 | |
| Select group hotkey | 16 | |
| Use ability | 36 | |
688 total
» units
» upgrades
» buildings
| Altar of Kings | 1 | |
| Farm | 5 | |
| Barracks | 1 | |
| Scout Tower | 3 | |
| Arcane Tower | 1 | |
| Blacksmith | 1 | |
| Lumber Mill | 1 | |
| Keep | 1 | |
| Guard Tower | 1 | |
15 total
» build order
00:06 Altar of Kings
00:21 Farm
00:24 Barracks
00:50 Farm
01:30 Scout Tower
01:46 Farm
02:05 Arcane Tower
02:37 Farm
03:44 Blacksmith
04:04 Lumber Mill
04:27 Keep
04:33 Scout Tower
04:49 Farm
04:56 Scout Tower
06:11 Guard Tower
Deathtoy (
teal | 20 APM | 215 actions | 10:51)
1 Keeper of the Grove
1 Force of Nature
» actions
| Assign group hotkey | 2 | |
| Basic commands | 12 | |
| Build / train | 14 | |
| Enter build submenu | 7 | |
| Enter hero's abilities submenu | 1 | |
| Right click | 42 | |
| Select / deselect | 117 | |
| Select group hotkey | 4 | |
| Use ability | 16 | |
215 total
» units
| Wisp | 8 | |
| Archer | 3 | |
| Glaive Thrower | 1 | |
12 total
» buildings
| Moon Well | 4 | |
| Altar of Elders | 1 | |
| Ancient of War | 3 | |
| Hunter's Hall | 1 | |
9 total
» build order
01:26 Moon Well
01:27 Moon Well
01:29 Moon Well
01:31 Moon Well
02:41 Altar of Elders
03:06 Ancient of War
03:10 Ancient of War
03:14 Hunter's Hall
04:04 Ancient of War
Trees (
green | 42 APM | 715 actions | 16:56)
» actions
| Assign group hotkey | 9 | |
| Basic commands | 84 | |
| Build / train | 30 | |
| Enter build submenu | 34 | |
| Right click | 166 | |
| Select / deselect | 321 | |
| Select group hotkey | 1 | |
| Use ability | 70 | |
715 total
» units
» buildings
| Moon Well | 3 | |
| Hunter's Hall | 1 | |
| Ancient Protector | 28 | |
| Altar of Elders | 1 | |
33 total
» build order
00:39 Moon Well
01:09 Hunter's Hall
01:39 Moon Well
02:38 Ancient Protector
02:38 Ancient Protector
02:39 Ancient Protector
02:39 Ancient Protector
02:53 Ancient Protector
02:54 Ancient Protector
02:54 Ancient Protector
03:03 Ancient Protector
03:17 Ancient Protector
03:25 Ancient Protector
03:27 Ancient Protector
03:48 Ancient Protector
06:25 Ancient Protector
06:26 Ancient Protector
06:26 Ancient Protector
06:28 Ancient Protector
06:28 Ancient Protector
06:29 Ancient Protector
06:29 Ancient Protector
06:30 Ancient Protector
07:00 Ancient Protector
07:02 Ancient Protector
07:03 Ancient Protector
07:18 Ancient Protector
07:22 Ancient Protector
10:01 Ancient Protector
10:01 Ancient Protector
10:02 Ancient Protector
13:15 Altar of Elders
13:16 Moon Well
walmart-pimp (
pink | 63 APM | 1071 actions | 16:57)
4 Blood Mage
2 Flame Strike
2 Siphon Mana
» actions
| Assign group hotkey | 15 | |
| Basic commands | 140 | |
| Build / train | 56 | |
| Enter build submenu | 19 | |
| Enter hero's abilities submenu | 4 | |
| Give item / drop item | 1 | |
| Right click | 354 | |
| Select / deselect | 305 | |
| Select group hotkey | 134 | |
| Use ability | 43 | |
1071 total
» units
» upgrades
| Gunpowder | 2 | |
| Armor | 2 | |
| Long Rifles | 1 | |
| Masonry | 3 | |
8 total
» buildings
| Altar of Kings | 1 | |
| Farm | 6 | |
| Barracks | 2 | |
| Blacksmith | 1 | |
| Arcane Vault | 2 | |
| Keep | 5 | |
| Lumber Mill | 1 | |
| Guard Tower | 1 | |
| Castle | 1 | |
20 total
» build order
00:04 Altar of Kings
00:07 Farm
01:05 Barracks
01:28 Blacksmith
01:36 Farm
01:56 Farm
02:33 Arcane Vault
03:29 Farm
04:56 Farm
06:12 Farm
06:33 Keep
06:34 Keep
08:35 Lumber Mill
09:21 Barracks
10:32 Guard Tower
10:50 Castle
13:17 Arcane Vault
» items
| Scroll of Regeneration | 3 | |
| Ivory Tower | 7 | |
| Potion of Healing | 1 | |
11 total
Chat log
(00:04 / All) Trees: Aw
(00:07 / All) Trees: I wanted to say
(00:09 / All) Deathtoy: daaa
(00:11 / All) Trees: What a pleasure it was
(00:11 / All) Deathtoy: stay
(00:15 / All) Trees: to play with two barcodes
(00:33 / All) Deathtoy: STAY!!!
(00:36 / All) Deathtoy: JAJAJA
(00:43 / Allies) walmart-pimp: their team must be afk
(00:46 / Allies) walmart-pimp: so let's expo
(00:53 / Allies) Supahotfiyah: just rush lol
(00:58 / Allies) Deathtoy: BRB
(00:59 / Allies) Deathtoy: LOL
(01:01 / Allies) walmart-pimp: let's expo instead to get better eco than the afk
(02:42 / Allies) Trees: wood
(02:44 / Allies) Trees: wood fast
(03:05 / Allies) Trees: wood
(03:30 / Allies) Deathtoy: WTF
(03:40 / Allies) walmart-pimp: he is making trees 2 protekt u
(03:45 / Allies) walmart-pimp: obv!
(04:00 / Allies) walmart-pimp: he isn't call trees for nothing
(05:22 / Allies) walmart-pimp: WTF TEAL
(05:24 / Allies) Deathtoy: stop
(05:25 / Allies) walmart-pimp: stop backstabbing wit hur archer
(05:29 / Allies) walmart-pimp: you fucking attacked first
(05:30 / Allies) walmart-pimp: with your units
(05:35 / Allies) walmart-pimp: fucking bser faggot-cunt raping negro
(05:53 / Allies) Supahotfiyah: tower up
(06:22 / Allies) Deathtoy: STOP IDIOT
(06:26 / Allies) walmart-pimp: you shot first
(06:30 / Allies) walmart-pimp: like fucking han solo
(06:55 / Allies) Deathtoy: FUCK YOU MOTHER FUCKER
(07:27 / Allies) walmart-pimp: Thanks for the gold teal
(07:33 / Allies) walmart-pimp: will help me make our team lose
(07:43 / Allies) Trees: lol
(07:51 / Allies) Deathtoy: FUCL YOU ASSHOLE
(08:07 / Allies) walmart-pimp: Would you like to?
(08:11 / Allies) walmart-pimp: i didn't know you liked men
(09:02 / Allies) Supahotfiyah: lol, well at least i know i didn't suck this one
(09:14 / Allies) walmart-pimp: You can still suck mine if you want to
(09:25 / Allies) Supahotfiyah: i can't, cuz i choke on small objects lol
(09:33 / Allies) Deathtoy: TREES U FUCKIN MORRON
(09:42 / Allies) Deathtoy: FUCK U MOM
(09:48 / Allies) walmart-pimp: You have mommy issues?
(09:49 / Allies) Deathtoy: FYCK U DAD AND U
(09:51 / All) Trees: I don't want to, that's incest and gross
(09:55 / Allies) Deathtoy: MOTHER FUCKER
(09:56 / Allies) walmart-pimp: We're your mom and dad?
(10:18 / Allies) Deathtoy: FUCKIN NIGGA
(10:25 / All) walmart-pimp: You hate blacks?
(10:30 / Allies) Supahotfiyah: trees compensates for his small penis size by attacking his allies lol
(10:36 / Allies) Deathtoy: KID MOTHER FUCKER
(10:45 / Allies) Deathtoy: FUCK YOU
(10:46 / Allies) walmart-pimp: You like fucking kids?
(10:47 / Allies) Deathtoy: !!!!
(10:49 / Allies) walmart-pimp: You sick fuck
(10:53 / All) Trees: They sure don 't like me
(11:02 / All) walmart-pimp: That was a great stab build
(11:05 / All) walmart-pimp: mass NE tower cheese
(11:20 / All) Supahotfiyah: trees mom got banged by a black guy earlier today, and he took his frustration out on us lol
(13:56 / All) Supahotfiyah: pink's base is the only one left, take it out fast lol
(14:06 / All) walmart-pimp: i shall
(14:12 / All) Trees: Yeah kill it before pink kills it himself
(15:22 / All) Trees: Yellow this loss courtesy of Turncoat, Rod Serling and Flamechampion23
(15:29 / All) Trees: Enjoy it
(15:34 / All) walmart-pimp: That isn't even my real name lol
(15:41 / All) walmart-pimp: Rod Serling is the guy who made The Twilight Zone
(15:42 / All) Trees: It's your unofficial name
(15:45 / All) Supahotfiyah: trees: the nigga that's mom gets done on bang bus lol
(15:52 / All) lIIIllIIlI: bangbus
(15:54 / All) walmart-pimp: I suppose, pen name kind of
(15:56 / All) lIIIllIIlI: i seen sample videos of it
(16:17 / All) Supahotfiyah: then you've probably seen her lol
(16:24 / All) Trees: I see her a lot